 Dungeon Crawl Stone Soup version 0.28-a0-850-g09de17f5b5 (webtiles) character file.

Game seed: 749265204825618223

71 marklar909 the Skirmisher (level 4, 0/37 HPs)
             Began as a Palentonga Fighter on Nov 13, 2021.
             Slain by a jelly (1 damage)
             ... on level 4 of the Dungeon.
             The game lasted 00:03:07 (3233 turns).

marklar909 the Skirmisher (Palentonga Fighter)      Turns: 3233, Time: 00:03:07

Health: 0/37       AC:  2    Str: 20    XL:     4   Next: 5%
Magic:  4/4        EV:  7    Int:  9    God:
Gold:   84         SH:  4    Dex:  9    Spells: 3/3 levels left

rFire   . . .      SeeInvis +   a - +0 flail
rCold   . . .      Faith    .   c - +0 buckler
rNeg    . . .      Spirit   .   b - +0 scale mail
rPois   .          Reflect  .   (no helmet)
rElec   .          Harm     .   (no cloak)
rCorr   .          Rampage  .   (no gloves)
Will    .....                   (no barding)
Stlth   ..........              (no amulet)
HPRegen 0.12/turn               (no ring)
MPRegen 0.09/turn               (no ring)

@: corroded, flying
A: large, rugged brown scales 3, see invisible, deformed body, roll 1, armoured
tail
a: Rolling Charge


You were on level 4 of the Dungeon.
You visited 1 branch of the dungeon, and saw 4 of its levels.

You collected 84 gold pieces.

Inventory:

Hand Weapons
 a - a +0 flail (weapon)
Missiles
 r - 17 poisoned darts
Armour
 b - a +0 scale mail (worn)
 c - a +0 buckler (worn)
Jewellery
 k - a +6 ring of intelligence
 q - a +6 ring of intelligence
Scrolls
 e - a scroll of holy word {unknown}
 h - a scroll of immolation {unknown}
 i - a scroll of enchant weapon {unknown}
 j - a scroll of amnesia {unknown}
 l - a scroll of fear {unknown}
 n - a scroll of brand weapon {unknown}
 o - 2 scrolls of identify {unknown}
 t - a scroll of teleportation {unknown}
Potions
 d - a potion of might
 f - a potion of haste {unknown}
 g - 3 potions of flight
 m - a potion of heal wounds {unknown}
 p - a potion of brilliance {unknown}
 s - a potion of cancellation {unknown}


   Skills:
 + Level 3.2 Fighting
 + Level 2.7 Maces & Flails
 + Level 3.0 Armour
 + Level 0.3 Dodging
 + Level 0.2 Stealth
 + Level 2.8 Shields


You had 3 spell levels left.
You didn't know any spells.
Your spell library contained the following spells:

 Spells                   Type           Power      Damage    Failure   Level
 Sublimation of Blood     Necr           0%         N/A       86%         2
 Wereblood                Tmut           0%         N/A       86%         2
 Ozocubu's Armour         Ice            0%         N/A       98%         3
 Ozocubu's Refrigeration  Ice            0%         4d5       100%        7
 Summon Hydra             Summ           0%         N/A       100%        7


Dungeon Overview and Level Annotations

Branches:
Dungeon (4/15)
 Temple: D:4-7

Altars:


Innate Abilities, Weirdness & Mutations

You are completely covered in rugged brown scales. (AC +3, +7% HP)
You have supernaturally acute eyesight. (SInv)
Armour fits poorly on your strangely shaped body.
You can roll at nearby foes to attack.
You have a long armoured tail.


Message History

You kill the rat!
No target in view!
Search for what [? for help]? armor Search for what [Enter for "armor", or ? for help]? mace
(D) Dungeon
Where to? (Enter - D:3 @ (x,y), ? - help) HP restored.
There is a stone staircase leading down here.
You climb downwards.
The jelly quivers.
Found a spear.
There is a stone staircase leading up here.
A jelly is nearby!
A jelly is nearby!
Found a stone staircase leading up.
You sock the jelly!
Your hands burn!
The jelly is heavily wounded.
The jelly hits you. The acid corrodes you!
You are splashed with acid!
You hit the jelly.
Your hands burn!
You tail-slap the jelly.
The jelly is severely wounded.
The jelly hits you but does no damage.
You are too injured to fight recklessly!
You are too injured to fight recklessly!
You are too injured to fight recklessly!
You barely miss the jelly.
The jelly is severely wounded.
The jelly closely misses you. The jelly hits you.
You are splashed with acid!
* * * LOW HITPOINT WARNING * * *
There is a stone staircase leading up here.
A ball python comes into view.
The ball python hisses angrily.
The ball python bites you.
* * * LOW HITPOINT WARNING * * *
The ball python bites you.
* * * LOW HITPOINT WARNING * * *
Okay, then.
It was a potion of flight.
You feel very buoyant.
You fly up into the air.
The ball python barely misses you. The jelly hits you.
You die...

##..#.. ...#..
## #..#.###.#
#.....#.#
#.......#
#.#.#...#
.#####.#.....#
#......SJ#<..#
####..@.#...#
.........#...#
.####....##..#
...<......#
####.#.##.)#
.###.#..# .#
#...# #..#
.#.#


You could see a jelly and a ball python.

Vanquished Creatures
  A worm (D:2)
  A dart slug (D:1)
  3 orcs (D:3)
  6 bats
  6 endoplasms
  3 giant cockroaches (D:1)
  10 goblins
  7 hobgoblins
  2 quokkas (D:1)
  A ball python (D:2)
  4 frilled lizards
  5 kobolds
  8 rats
57 creatures vanquished.

Notes
Turn   | Place    | Note
-------+----------+-------------------------------------------
     0 | D:1      | marklar909 the Palentonga Fighter began the quest for the
                  | Orb.
     0 | D:1      | Reached XP level 1. HP: 19/19 MP: 1/1
   315 | D:1      | Reached XP level 2. HP: 24/25 MP: 2/2
  1016 | D:1      | Found a faded altar of an unknown god.
  1269 | D:2      | Reached XP level 3. HP: 23/31 MP: 3/3
  3132 | D:3      | Reached XP level 4. HP: 37/37 MP: 4/4
  3231 | D:4      | HP: 1/37 [ball python (3)]
  3233 | D:4      | Slain by a jelly

Illustrated notes

Levels and vault maps discovered:
D:1:      dpeg_arrival_prison, layout_loops_ring,
          hellmonk_ecumenical_altar_inner_sanctum,
          chequers_serial_rivers_micro_a, solitary_fountain, minmay_liquid_box
D:2:      layout_basic, serial_rivers, chequers_serial_rivers_micro_c,
          chequers_serial_rivers_micro_a, chequers_serial_rivers_micro_d,
          chequers_serial_rivers_micro_e
D:3:      layout_rooms, minmay_fountain_box
D:4:      cheibrodos_helix_gallery, layout_loops_ring,
          mainiacjoe_overflow_boulevard, nicolae_yredelemnul_corpse_copse,
          serial_shops, shop, nrook_loot_triangle

Skill      XL: |  1  2  3 |
---------------+----------+-----
Armour         | 3 |  3.0
Fighting       | |  3.2
Maces & Flails | |  2.7
Dodging        | |  0.3
Stealth        | |  0.2
Shields        | |  2.8

Action                   |  1- 3 |  4- 6 || total
-------------------------+-------+-------++-------
Melee: Flail             |   164 |    12 ||   176
       Tailslap          |    13 |     1 ||    14
  Use: Potion            |       |     1 ||     1
Armor: Scale mail        |    77 |     6 ||    83
Dodge: Dodged            |    49 |     3 ||    52
Block: Buckler           |    28 |     1 ||    29

Table legend: (Time is in decaauts)
 A = Elapsed time spent in this place.
 B = Non-inter-level travel time spent in this place.
 C = Inter-level travel time spent in this place.
 D = Time resting spent in this place.
 E = Time spent auto-exploring this place.
 F = Levels seen in this place.
 G = Mean time per level.
                   A        B        C        D        E       F      G
               +--------+--------+--------+--------+--------+-----+--------+
         Total |   3285 |   3093 |    192 |    115 |   2498 |   4 |  821.2 |
       Dungeon |   3285 |   3093 |    192 |    115 |   2498 |   4 |  821.2 |
               +--------+--------+--------+--------+--------+-----+--------+

Top non-repeatable levels by time:
     D:2: 1473 daAuts
     D:1: 1232 daAuts
     D:3: 566 daAuts
     D:4: 13 daAuts
